 Dungeon Crawl Stone Soup version 0.20-a0-351-gc9b4002 (webtiles) character file.

1157 DevlanMud the Fighter (level 8, -1/94 HPs)
             Began as an Ogre Wizard on Dec 26, 2016.
             Was an Initiate of Ru.
             Slain by a killer bee (2 damage)
             ... on level 6 of the Dungeon.
             The game lasted 00:34:05 (8086 turns).

DevlanMud the Fighter (Ogre Wizard)                 Turns: 8086, Time: 00:34:05

Health: -1/94      AC:  7    Str: 14    XL:     8   Next: 39%
Magic:  0/13       EV: 10    Int: 19    God:    Ru [......]
Gold:   310        SH:  0    Dex:  7    Spells: 5/14 levels left

rFire  . . .     SeeInvis .     t - +0 morningstar
rCold  . . .     Gourm    .     j - +2 robe {MR+}
rNeg   . . .     Faith    .     (no shield)
rPois  .         Spirit   +     b - +1 hat
rElec  .         Reflect  .     a - +0 cloak
rCorr  .         Harm     .     (gloves unavailable)
MR     +....                    (boots unavailable)
Stlth  ..........               f - amulet of guardian spirit
                                (no ring)
                                o - ring of stealth

@: lethally poisoned (-1 -> -16)
A: unfitting armour, tough skin 1, no stealth
a: Renounce Religion


You were on level 6 of the Dungeon.
You worshipped Ru.
Ru was noncommittal.
You were not hungry.

You visited 1 branch of the dungeon, and saw 6 of its levels.

You collected 310 gold pieces.

Inventory:

Hand Weapons
 t - a +0 morningstar (weapon)
Armour
 a - a +0 cloak (worn)
 b - a +1 hat (worn)
 j - a +2 robe of magic resistance (worn)
Jewellery
 f - an amulet of guardian spirit (around neck)
 o - a ring of stealth (left hand)
Wands
 h - a wand of flame (21/48)
 x - a wand of paralysis (15/24)
Scrolls
 e - 5 scrolls of remove curse
 i - 7 scrolls of identify
 l - 3 scrolls of enchant armour
 n - a scroll of blinking {unknown}
 p - a scroll of recharging {unknown}
 q - a scroll of teleportation
 r - a scroll of fog {unknown}
Potions
 k - a potion of flight
 m - a potion of resistance
 s - 2 potions of curing {unknown}
Books
 c - a book of Minor Magic

   Spells                             Type                      Level
   a - Magic Dart                     Conjuration                  1
   b - Blink                          Translocation                2
   c - Call Imp                       Summoning                    2
   d - Repel Missiles                 Charms/Air                   2
   e - Slow                           Hexes                        2
   f - Conjure Flame                  Conjuration/Fire             3
   g - Mephitic Cloud                 Conjuration/Poison/Air       3
 u - a book of Cantrips

   Spells                             Type                      Level
   a - Confusing Touch                Hexes                        1
   b - Animate Skeleton               Necromancy                   1
   c - Summon Small Mammal            Summoning                    1
   d - Apportation                    Translocation                1
Comestibles
 d - 2 bread rations
 g - 3 meat rations
 v - a beef jerky


   Skills:
 * Level 10.5 Fighting
 + Level 2.7 Maces & Flails
 - Level 1.7 Dodging
 - Level 3.6 Spellcasting
 - Level 0.8 Conjurations
 - Level 3.2 Summonings
 - Level 0.8 Translocations


You had 5 spell levels left.
You knew the following spells:

 Your Spells              Type           Power        Failure   Level  Hunger
a - Magic Dart            Conj           #...         12%         1    None
b - Call Imp              Summ           ###.....     8%          2    ##.....
c - Blink                 Tloc           N/A          17%         2    ##.....
d - Repel Missiles        Chrm/Air       #.....       24%         2    ##.....
e - Apportation           Tloc           #.........   12%         1    None
f - Animate Skeleton      Necr           N/A          17%         1    None


Dungeon Overview and Level Annotations

Branches:
Dungeon (6/15)
 Temple: D:4-7

Altars:
Dithmenos
Elyvilon
Hepliaklqana
Ru
Trog


Innate Abilities, Weirdness & Mutations

You are too large for most types of armour.
You have tough skin. (AC +1)
You cannot be stealthy.


Message History

* * * LOW HITPOINT WARNING * * *
The killer bee stings you.
* * * LOW MAGIC WARNING * * *;
* * * LOW HITPOINT WARNING * * *
The killer bee stings you!
* * * LOW MAGIC WARNING * * *;
* * * LOW HITPOINT WARNING * * *
The killer bee closely misses you.
Found 22 gold pieces.
Found a stone staircase leading down.
* * * LOW HITPOINT WARNING * * *
You feel sick.
The killer bee stings you but does no damage.
The killer bee stings you.
* * * LOW HITPOINT WARNING * * *
You are more poisoned.
The killer bee poisons you!
The killer bee stings you but does no damage.
The killer bee closely misses you.
* * * LOW HITPOINT WARNING * * *
You feel sick. The killer bee stings you.
* * * LOW MAGIC WARNING * * *
You die...

......#......†#.......y.y...#
...##....._.....##....#hS...#
##....#.......#.##.#.####...#
. ....#.......#....#........#
......##..y..##...........(.#
..# ..####?####.............#
#......?.................#
#..######...y............#
#.....y@........<...
#.?..#...y.....$....../.
###..#......(..... ##
##........>.. .......$##...
.####.#### ## . #.. ..#


You could see 3 killer bees.

Vanquished Creatures
  The ghost of particleface the Skirmisher, an amateur FoAK of Lugonu (D:4)
  An ice beast (D:4)
  2 ogres
  The ghost of aTarkinC the Firebug, an amateur TeFE of Sif Muna (D:3)
  A bullfrog zombie (D:5)
  2 hounds
  An orc priest (D:3)
  4 orc wizards
  An iguana (D:5)
  3 worker ants
  3 gnolls (D:3)
  3 adders
  2 oozes (D:1)
  An adder skeleton (D:5)
  An adder zombie (D:5)
  A worm (D:2)
  2 dart slugs (D:1)
  3 leopard geckos
  6 orcs
  3 giant cockroaches
  8 goblins
  9 hobgoblins
  A jackal (D:6)
  12 kobolds
  A ball python (D:1)
  7 bats
  5 frilled lizards
  9 rats
94 creatures vanquished.

Vanquished Creatures (collateral kills)
  Sigmund (D:3)
  A sky beast (D:5)
  2 killer bees (D:6)
  2 orc priests (D:3)
  Jessica (D:2)
  Ijyb (D:3)
  Terence (D:2)
  Natasha (thrice) (D:2)
  An adder (D:2)
  An ooze (D:4)
  2 leopard geckos (D:2)
  An orc (D:5)
  A hobgoblin (D:2)
  A jackal (D:2)
  A kobold (D:2)
20 creatures vanquished.

Grand Total: 114 creatures vanquished

Notes
Turn   | Place    | Note
-------+----------+-------------------------------------------
     0 | D:1      | DevlanMud the Ogre Wizard began the quest for the Orb.
     0 | D:1      | Reached XP level 1. HP: 16/16 MP: 5/5
    99 | D:1      | Reached skill level 1 in Fighting
   201 | D:1      | Reached XP level 2. HP: 27/27 MP: 2/6
   252 | D:1      | Learned a level 2 spell: Call Imp
   255 | D:1      | Learned a level 2 spell: Blink
   258 | D:1      | Learned a level 2 spell: Repel Missiles
   283 | D:1      | Reached skill level 1 in Summonings
   536 | D:1      | Reached skill level 2 in Fighting
   593 | D:1      | Reached XP level 3. HP: 35/35 MP: 1/8
  1765 | D:2      | Found a sacrificial altar of Ru.
  1773 | D:2      | Became a worshipper of Ru the Awakened
  2032 | D:2      | Noticed Jessica
  2033 | D:2      | Noticed Natasha
  2034 | D:2      | ffffff
  2047 | D:2      | Killed Natasha
  2047 | D:2      | Reached skill level 3 in Fighting
  2047 | D:2      | Reached XP level 4. HP: 34/45 MP: 2/9
  2051 | D:2      | Killed Jessica
  2209 | D:2      | Noticed Terence
  2228 | D:2      | Killed Terence
  2228 | D:2      | Reached skill level 4 in Fighting
  2313 | D:2      | Noticed Natasha
  2321 | D:2      | HP: 1/48 [crimson imp[Natasha] (3)]
  2321 | D:2      | Killed Natasha
  2321 | D:2      | Reached XP level 5. HP: 1/55 MP: 1/10
  2322 | D:2      | RIP
  2327 | D:2      | :smug:
  2934 | D:2      | Found a white marble altar of Elyvilon.
  3045 | D:3      | Noticed Sigmund
  3073 | D:2      | Noticed Natasha
  3312 | D:2      | Killed Natasha
  3408 | D:2      | its been awkward
  3549 | D:2      | man he's being a douche
  3610 | D:3      | Reached skill level 5 in Fighting
  3619 | D:3      | Reached XP level 6. HP: 38/66 MP: 1/11
  3869 | D:3      | Reached skill level 6 in Fighting
  3881 | D:3      | Noticed Ijyb
  3895 | D:3      | Killed Ijyb
  4417 | D:3      | Killed Sigmund
  4417 | D:3      | Reached skill level 1 in Maces & Flails
  4418 | D:3      | what a fucking douchebag
  4737 | D:3      | Noticed aTarkinC's ghost (amateur TeFE)
  4738 | D:3      | fuckin really
  5037 | D:3      | man those blow
  5037 | D:3      | Gained mutation: You cannot be stealthy. [Ru sacrifice]
  5176 | D:3      | Killed aTarkinC's ghost
  5176 | D:3      | Reached skill level 7 in Fighting
  5176 | D:3      | Reached XP level 7. HP: 31/78 MP: 1/12
  5467 | D:4      | Noticed particleface's ghost (amateur FoAK)
  5468 | D:4      | fucking really
  5489 | D:3      | HP: 2/78 [hound (3)]
  5979 | D:4      | Killed particleface's ghost
  5979 | D:4      | Reached skill level 8 in Fighting
  6125 | D:4      | Found a hazy altar of Hepliaklqana.
  6125 | D:4      | Found a bloodstained altar of Trog.
  6583 | D:4      | Reached skill level 9 in Fighting
  6680 | D:5      | Entered Level 5 of the Dungeon
  6898 | D:5      | Reached XP level 8. HP: 46/92 MP: 4/13
  6900 | D:5      | where did that fuckin ice bitch come from
  7493 | D:5      | Learned a level 1 spell: Apportation
  7495 | D:5      | Learned a level 1 spell: Animate Skeleton
  7612 | D:5      | Reached skill level 10 in Fighting
  8048 | D:6      | Found a shadowy altar of Dithmenos.
  8054 | D:6      | welp im dead
  8085 | D:6      | HP: 4/94 [poisoned by a killer bee]
  8086 | D:6      | HP: 1/94 [poisoned by a killer bee]
  8086 | D:6      | Slain by a killer bee

Vault maps used:
D:1:      dpeg_arrival_morbid_curiosity
D:2:      nicolae_ru_path_of_blood, lemuel_doored_altar, first_bread,
          kennysheep_potato, uniq_jessica, uniq_terence, uniq_natasha
D:3:      uniq_iyjb, uniq_sigmund
D:4:      gammafunk_temple_overflow_statue, minmay_misc_feat_plants
D:5:      kennysheep_small_circle
D:6:      old_standard_altar, nemelex_diamond_rough_becter

Skill      XL: |  1  2  3  4  5  6  7  8 |
---------------+-------------------------+-----
Fighting       | 1 2 3 4 5 7 9 10 | 10.5
Summonings     | 1 2 3 |  3.2
Maces & Flails | 1 2 |  2.7
Stealth        | 0 |  0.0
Dodging        | |  1.7
Spellcasting   | |  3.6
Conjurations   | |  0.8
Translocations | |  0.8

Action                   |  1- 3 |  4- 6 |  7- 9 || total
-------------------------+-------+-------+-------++-------
Melee: Unarmed           |    35 |       |       ||    35
       Mace              |    30 |    44 |       ||    74
       Morningstar       |       |    64 |   136 ||   200
 Cast: Magic Dart        |    87 |    44 |    17 ||   148
       Repel Missiles    |     1 |     1 |       ||     2
       Call Imp          |     2 |    41 |    25 ||    68
       Blink             |       |     1 |       ||     1
Invok: Sacrifice Stealth |       |     1 |       ||     1
Evoke: Wand              |       |     2 |       ||     2
  Use: Scroll            |     1 |     1 |     4 ||     6
       Potion            |       |     5 |     1 ||     6
 Stab: Sleeping          |       |    10 |       ||    10
  Eat: Chunk             |     3 |    10 |     1 ||    14
       Pizza             |       |     1 |       ||     1
       Meat ration       |       |       |     2 ||     2
Armor: Robe              |    21 |    25 |    81 ||   127
Dodge: Dodged            |    55 |    71 |    93 ||   219
       Deflected         |     1 |     1 |     1 ||     3
